Map: World of Sleepers LE

Players

soul

  • Race: Terran Terran
  • League: Grandmaster
  • Spawn Location: 1:00

llllllllllll (Oliveira) - Winner!

  • Race: Terran Terran
  • League: Master
  • Spawn Location: 7:00

Event: HomeStory Cup XX

VOD

Have the link to the VOD?

Description

Time

  • Played on: Nov. 21, 2019, 8:06 a.m.
  • Length: 15:42

All games in this series

Show
View Real Time Build Order
Export as new Build Order

soul Terran 

Build Orders: Reaper Expand 

Get SALT Encoding   

  12  0:00  SCV  
  13  0:12  SCV  
  14  0:17  Supply Depot  
  14  0:24  SCV  
  15  0:38  SCV  
  15  0:40  Barracks  
  16  0:45  Refinery  
  16  0:51  SCV  
  17  1:03  SCV  
  18  1:15  SCV  
  19  1:28  Reaper  
  19  1:29  Orbital Command  
  20  1:41  Command Center  
  20  1:50  Supply Depot  
  20  1:56  SCV  
  20  2:00  Marine  
  22  2:07  Factory  
  22  2:11  SCV  
  22  2:15  Refinery  
  23  2:20  Bunker  
  23  2:24  Barracks Reactor  
  23  2:29  SCV  
  24  2:41  SCV  
  25  2:50  Hellion  
  27  2:52  Starport  
  27  2:53  SCV  
  27  2:55  Orbital Command  
  28  3:00  Marine  
  28  3:01  Marine  
  28  3:05  SCV  
  31  3:12  Factory Tech Lab  
  31  3:17  SCV  
  31  3:18  Marine x2  
  34  3:22  SCV  
  35  3:29  SCV  
  36  3:34  SCV  
  36  3:35  Supply Depot  
  36  3:36  Marine x2  
  36  3:37  Factory Tech Lab, Raven  
  41  3:41  SCV  
  41  3:46  SCV  
  41  3:47  Supply Depot  
  43  3:53  SCV  
  43  3:54  Marine x2  
  46  3:58  SCV  
  46  3:59  Siege Tank  
  50  4:05  SCV  
  50  4:09  Supply Depot  
  51  4:10  SCV  
  52  4:17  Command Center  
  52  4:19  SCV  
  52  4:22  SCV  
  54  4:31  Starport Reactor, SCV  
  54  4:34  SCV  
  54  4:35  Stimpack  
  56  4:39  Barracks  
  56  4:40  Barracks  
  56  4:41  Marine  
  56  4:43  SCV  
  56  4:45  Refinery  
  58  4:46  Refinery  
  58  4:47  SCV  
  58  4:51  Siege Tank  
  61  4:55  SCV  
  61  4:57  Supply Depot  
  61  4:59  Marine, SCV  
  64  5:07  SCV  
  64  5:09  Engineering Bay  
  64  5:10  Engineering Bay  
  64  5:11  SCV  
  66  5:17  Marine  
  66  5:20  SCV  
  68  5:22  Starport Reactor  
  68  5:23  SCV  
  68  5:24  Siege Tank  
  68  5:27  Supply Depot  
  72  5:30  Orbital Command  
  72  5:32  Marine, SCV  
  72  5:34  Marine  
  72  5:35  Marine x2  
  76  5:38  Terran Infantry Armor Level 1  
  76  5:41  Terran Infantry Weapons Level 1  
  77  5:43  Marine  
  77  5:44  SCV  
  79  5:50  Marine, SCV  
  79  5:52  Marine  
  79  5:53  Marine  
  83  5:59  Medivac  
  83  6:03  Medivac  
  87  6:07  Marine, Orbital Command, Supply Depot  
  87  6:08  SCV  
  89  6:11  Marine x2  
  89  6:12  SCV  
  89  6:14  Combat Shield  
  89  6:16  Marine x2  
  89  6:17  Supply Depot  
  89  6:18  Siege Tank, Supply Depot  
  94  6:20  SCV  
  94  6:24  SCV  
  94  6:25  Marine  
  100  6:29  Marine x2  
  100  6:30  Supply Depot  
  100  6:32  SCV x2  
  104  6:34  Marine  
  104  6:35  Marine  
  104  6:36  SCV  
  104  6:38  Medivac  
  109  6:40  Medivac  
  109  6:43  Marine  
  109  6:44  SCV  
  109  6:45  SCV  
  109  6:47  Marine x2  
  114  6:48  SCV  
  114  6:51  Supply Depot  
  114  6:52  Marine x2  
  114  6:53  Supply Depot  
  119  6:56  SCV  
  120  7:02  Marine  
  120  7:04  Marine  
  120  7:06  Barracks  
  120  7:07  Barracks  
  120  7:08  Medivac  
  124  7:09  Marine, Armory  
  124  7:10  Marine  
  124  7:12  Marine  
  126  7:18  Refinery x2  
  126  7:20  Marine  
  126  7:22  Marine, Supply Depot  
  127  7:24  Factory  
  127  7:26  Marine  
  127  7:28  Marine  
  127  7:29  SCV  
  132  7:30  Marine, SCV  
  132  7:34  SCV  
  134  7:38  Marine  
  134  7:40  Marine  
  136  7:44  Marine  
  136  7:45  Medivac  
  136  7:46  Marine  
  136  7:48  Marine  
  141  7:54  Marine  
  141  7:55  Marine  
  141  7:56  Marine  
  141  7:58  Siege Tank, Marine  
  147  8:02  Marine  
  147  8:04  Marine  
  144  8:06  Marine  
  144  8:08  Medivac  
  144  8:11  Marine  
  135  8:13  Marine x2  
  135  8:16  Marine  
  138  8:20  Marine  
  138  8:21  Marine  
  138  8:24  Marine  
  138  8:26  Medivac  
  141  8:27  Command Center  
  141  8:29  Marine  
  141  8:30  Siege Tank  
  141  8:31  Marine  
  141  8:33  Marine  
  146  8:37  Terran Infantry Weapons Level 2  
  146  8:38  Marine  
  146  8:39  Marine  
  146  8:40  Terran Infantry Armor Level 2  
  145  8:42  Marine  
  144  8:49  Barracks Reactor x2, Marine, Factory Tech Lab  
  144  8:51  Marine, SCV x3  
  146  8:55  Marine  
  146  8:57  Marine  
  146  8:59  Marine  
  146  9:02  Siege Tank  
  152  9:03  SCV x3  
  152  9:07  Marine  
  152  9:09  Marine  
  152  9:13  Siege Tank, Marine  
  152  9:15  Marine, SCV  
  152  9:16  SCV  
  131  9:17  Marine  
  127  9:25  Marine, SCV  
  127  9:27  Marine, SCV  
  127  9:28  Marine x2, SCV  
  134  9:31  Medivac, Marine  
  134  9:33  Marine x2  
  134  9:34  Siege Tank  
  134  9:35  Marine x2  
  134  9:37  SCV  
  145  9:40  SCV  
  145  9:42  Marine  
  145  9:45  Siege Tank, Marine  
  151  9:46  Marine x2  
  151  9:49  Marine  
  151  9:50  Marine  
  151  9:51  Marine  
  151  9:52  Marine  
  148  9:53  Marine  
  150  10:00  Marine  
  150  10:03  Marine  
  150  10:04  Marine x2  
  150  10:06  Siege Tank  
  157  10:07  Marine  
  157  10:08  Marine, Viking x2  
  157  10:09  Marine  
  157  10:10  Marine  
  157  10:11  Marine  
  166  10:17  Siege Tank  
  166  10:18  Marine  
  166  10:20  Marine  
  167  10:33  Supply Depot  
  167  10:34  Supply Depot  
  166  10:44  Supply Depot  
  166  10:53  Marine x3  
  166  10:54  Siege Tank x2, Marine x6  
  148  11:05  Medivac x2  
  148  11:06  Terran Infantry Weapons Level 3  
  148  11:07  Terran Infantry Armor Level 3  
  148  11:11  Marine x3  
  154  11:12  Marine x6  
  161  11:20  Orbital Command  
  161  11:26  Siege Tank x2  
  161  11:27  Sensor Tower, Terran Vehicle Weapons Level 1  
  161  11:28  Marine x2  
  161  11:29  Marine x2  
  161  11:31  Marine  
  172  11:33  Sensor Tower  
  172  11:40  Unknown  
  172  11:43  Marine  
  172  11:45  Marine  
  174  11:48  Marine  
  174  11:49  Refinery, Marine x3  
  174  11:50  Command Center  
  174  11:52  Marine  
  174  11:53  Orbital Command  
  172  11:55  Marine  
  172  11:57  Marine  
  172  11:58  Siege Tank x2  
  172  12:00  Marine  
  166  12:03  Marine  
  166  12:06  Marine  
  166  12:07  Marine x3  
  156  12:09  Marine  
  156  12:11  SCV x2  
  156  12:13  Marine  
  156  12:14  Marine  
  161  12:16  Medivac  
  161  12:18  Marine  
  161  12:21  Marine  
  165  12:23  SCV x2  
  165  12:24  SCV  
  165  12:26  Medivac  
  170  12:30  Siege Tank x2, Marine  
  170  12:35  Marine, SCV  
  179  12:39  Marine x2  
  179  12:40  Marine  
  179  12:41  SCV  
  179  12:42  Marine  
  179  12:44  SCV  
  181  12:49  Marine  
  166  12:54  Supply Depot  
  166  12:56  SCV  
  166  12:57  SCV  
  168  12:58  Marine  
  168  12:59  Marine x3  
  168  13:00  Marine  
  168  13:02  Marine  
  168  13:04  Marine  
  178  13:06  Marine  
  178  13:07  Marine  
  125  13:13  SCV  
  125  13:15  Medivac  
  125  13:16  Medivac, Marine x4  
  125  13:18  Marine  
  125  13:20  Marine  
  125  13:21  Planetary Fortress  
  125  13:22  Marine, SCV  
  125  13:24  Marine  
  125  13:27  Marine  
  119  13:34  Marine x4, SCV x3  
  119  13:36  Marine  
  119  13:38  Marine  
  119  13:40  Marine  
  129  13:42  Marine  
  129  13:44  Marine  
  129  13:45  Medivac x2  
  129  13:46  SCV x3  
  138  13:52  Marine x4  
  138  13:54  Marine  
  143  13:56  Marine  
  143  13:58  Marine, SCV x2  
  143  13:59  Starport  
  143  14:00  Marine, Starport  
  143  14:02  Refinery, Marine  
  149  14:10  Marine x4  
  149  14:11  Marine  
  149  14:15  Medivac, Marine  
  149  14:16  Siege Tank  
  160  14:18  Marine  
  162  14:27  Marine  
  162  14:28  Marine  
  162  14:44  Marine x2  
  162  14:45  Marine x3  
  155  14:48  Siege Tank  
  146  14:57  Viking  
  146  14:58  Viking x3  
  154  15:02  Marine x2  
  154  15:03  Marine  
  154  15:04  Orbital Command  
  157  15:12  Supply Depot  
  157  15:14  Supply Depot  
  157  15:15  Refinery, Supply Depot  
  157  15:17  Refinery  
  157  15:26  Barracks  
  157  15:27  Barracks  
  157  15:28  Supply Depot  
Show
View Real Time Build Order
Export as new Build Order

llllllllllll Terran - Winner!

Build Orders: Reaper Expand 

Get SALT Encoding   

  12  0:00  SCV  
  13  0:13  SCV  
  14  0:17  Supply Depot  
  14  0:25  SCV  
  15  0:39  SCV  
  15  0:40  Barracks  
  16  0:44  Refinery  
  16  0:51  SCV  
  17  1:03  SCV  
  18  1:15  SCV  
  19  1:28  Orbital Command, Reaper  
  20  1:39  Command Center  
  20  1:48  Supply Depot  
  20  1:54  SCV  
  21  2:00  Marine  
  22  2:06  SCV  
  23  2:08  Factory  
  23  2:13  Refinery  
  23  2:16  Bunker  
  23  2:18  SCV  
  23  2:22  Barracks Reactor  
  24  2:31  SCV  
  25  2:43  SCV  
  26  2:52  Hellion, Orbital Command, Starport  
  26  2:55  SCV  
  29  2:59  Marine x2  
  31  3:07  SCV  
  32  3:13  Factory Tech Lab  
  32  3:17  Marine x2  
  32  3:18  SCV  
  32  3:19  SCV  
  36  3:25  Supply Depot  
  36  3:30  SCV  
  36  3:31  SCV  
  38  3:36  Raven, Factory Tech Lab  
  38  3:37  Marine  
  38  3:38  Refinery  
  38  3:39  Marine  
  42  3:42  SCV  
  42  3:43  SCV  
  44  3:53  Supply Depot  
  44  3:54  SCV  
  44  3:55  Cyclone, SCV  
  49  3:57  Marine x2  
  51  4:06  SCV  
  51  4:07  SCV  
  53  4:14  Command Center  
  53  4:19  Supply Depot  
  53  4:20  Raven  
  53  4:23  SCV  
  56  4:24  SCV  
  56  4:27  Marine  
  56  4:30  Marine  
  59  4:35  SCV  
  59  4:36  SCV  
  61  4:40  Siege Tank, Supply Depot  
  61  4:45  Marine  
  64  4:48  SCV x2  
  68  5:00  SCV x2  
  69  5:10  Barracks  
  69  5:12  Starport Reactor, Marine, SCV x2, Supply Depot  
  69  5:13  Stimpack  
  72  5:15  Siege Tank  
  72  5:20  Barracks, Engineering Bay  
  72  5:21  Engineering Bay  
  75  5:25  Refinery, SCV x2  
  77  5:31  Orbital Command  
  77  5:32  Marine  
  78  5:38  SCV x2, Supply Depot  
  80  5:47  Terran Infantry Armor Level 1, Terran Infantry Weapons Level 1  
  80  5:50  Marine, SCV  
  80  5:52  Orbital Command  
  80  5:54  Siege Tank  
  80  5:55  Starport Reactor  
  85  5:57  SCV  
  85  6:03  SCV  
  87  6:04  Marine x2  
  87  6:06  Supply Depot  
  87  6:09  SCV  
  90  6:12  Marine  
  90  6:13  Marine x2  
  90  6:15  SCV  
  90  6:18  SCV  
  95  6:22  Marine, SCV  
  97  6:27  SCV  
  97  6:28  Barracks  
  97  6:29  Barracks  
  97  6:30  SCV, Supply Depot  
  97  6:31  Supply Depot  
  99  6:33  Marine x2  
  99  6:35  SCV  
  99  6:36  Sensor Tower  
  99  6:37  Medivac  
  99  6:39  SCV  
  105  6:40  Medivac  
  105  6:41  Siege Tank  
  105  6:43  SCV  
  105  6:44  Marine  
  112  6:48  Marine x2  
  112  6:52  Combat Shield, SCV  
  112  6:53  SCV  
  112  6:54  Supply Depot  
  116  6:55  Marine  
  116  6:57  Refinery  
  116  6:58  Refinery  
  117  7:02  SCV  
  117  7:04  Marine, SCV, Armory  
  117  7:07  SCV  
  121  7:14  Medivac, Siege Tank, SCV  
  127  7:16  Supply Depot  
  127  7:17  Marine x3  
  127  7:18  SCV  
  127  7:19  Barracks Reactor, SCV  
  127  7:22  Barracks Reactor  
  132  7:24  Marine  
  132  7:26  SCV  
  134  7:32  Marine  
  134  7:34  Marine  
  134  7:36  Marine x2  
  138  7:38  Viking  
  138  7:39  SCV  
  138  7:42  Marine  
  142  7:50  Marine  
  143  7:52  Marine, SCV  
  143  7:53  Command Center  
  143  7:54  Marine x2  
  143  7:58  Marine x2, SCV  
  148  8:02  Marine  
  148  8:05  Siege Tank  
  144  8:12  SCV  
  144  8:13  Marine x2  
  144  8:15  Marine x2  
  144  8:16  Medivac x2  
  144  8:18  SCV  
  138  8:21  Marine x2, Engineering Bay  
  138  8:22  Marine x2  
  138  8:23  Engineering Bay  
  138  8:26  SCV x2  
  138  8:27  Marine  
  134  8:30  Marine, SCV  
  134  8:35  Marine x2  
  134  8:37  Siege Tank  
  134  8:38  SCV x2  
  134  8:40  Marine  
  134  8:43  SCV  
  134  8:44  Marine x3  
  134  8:47  Terran Infantry Weapons Level 2  
  137  8:50  Marine, SCV  
  137  8:54  Terran Infantry Armor Level 2  
  139  8:55  SCV  
  139  8:56  Marine  
  139  9:00  SCV  
  139  9:01  Marine  
  143  9:04  Marine x2  
  143  9:05  Marine x2  
  138  9:13  Marine  
  138  9:14  Marine x2  
  138  9:15  Siege Tank, SCV  
  132  9:18  SCV  
  132  9:19  Medivac, SCV  
  132  9:23  Planetary Fortress  
  136  9:24  Marine  
  136  9:25  Marine  
  136  9:28  SCV  
  136  9:29  Marine x2  
  136  9:30  SCV  
  142  9:33  Supply Depot  
  142  9:34  Terran Vehicle Weapons Level 1  
  142  9:36  Marine, SCV  
  142  9:37  Marine x2  
  146  9:40  Marine x2, SCV  
  145  9:46  Marine x2  
  145  9:49  Supply Depot  
  144  9:55  Marine x2  
  144  9:57  Marine x2  
  149  10:00  Marine, SCV x2  
  149  10:01  Marine x2  
  149  10:04  SCV  
  149  10:05  Marine x2  
  155  10:08  Medivac, Siege Tank, Supply Depot  
  155  10:09  Medivac, Supply Depot  
  155  10:12  Marine  
  155  10:13  Marine  
  161  10:15  SCV  
  161  10:18  Marine  
  161  10:19  Marine  
  164  10:24  Marine x2  
  164  10:26  Marine x2  
  164  10:28  Marine  
  169  10:30  Marine  
  169  10:31  SCV x4  
  169  10:32  Marine  
  175  10:36  Marine  
  175  10:37  Marine  
  175  10:42  Marine x2  
  179  10:43  Marine, SCV x2  
  179  10:46  Marine  
  183  10:53  Siege Tank  
  183  10:54  Marine  
  148  10:57  Marine  
  148  10:58  Marine x2  
  148  10:59  Viking x2  
  148  11:01  Marine  
  148  11:02  Marine  
  148  11:03  SCV  
  156  11:06  Marine x2  
  158  11:12  Factory  
  158  11:13  Marine x2  
  158  11:15  Marine  
  158  11:16  Marine x2  
  163  11:21  Marine  
  163  11:22  Marine  
  164  11:30  Marine  
  164  11:32  Marine x2  
  165  11:33  Marine  
  165  11:34  Siege Tank  
  165  11:38  Supply Depot  
  165  11:39  Medivac  
  173  11:40  Medivac  
  173  11:41  Marine, Supply Depot  
  173  11:43  Marine  
  177  11:47  Marine x2  
  177  11:53  Marine  
  179  12:00  Marine  
  172  12:05  Marine x4  
  172  12:06  Siege Tank, Marine x3  
  169  12:09  Factory Tech Lab, Viking  
  169  12:10  Viking  
  169  12:11  Marine  
  169  12:12  SCV  
  169  12:14  SCV  
  176  12:18  Marine  
  176  12:21  Terran Vehicle Weapons Level 2, Starport  
  176  12:22  Starport  
  176  12:23  Marine x2  
  178  12:30  Marine  
  178  12:31  Marine  
  178  12:34  Marine x2  
  180  12:38  Siege Tank  
  180  12:39  Terran Infantry Weapons Level 3  
  180  12:41  Marine x2  
  171  12:46  Marine x2  
  171  12:47  SCV x2  
  165  12:55  Marine x3  
  165  12:56  Engineering Bay, Unknown  
  165  12:57  Siege Tank  
  171  13:01  Marine  
  171  13:02  Marine x2  
  174  13:08  Marine  
  174  13:10  Siege Tank, Marine  
  137  13:12  Starport Tech Lab  
  137  13:14  Marine x3, Viking x2  
  137  13:16  SCV  
  137  13:18  SCV  
  144  13:20  Marine x2  
  144  13:23  Starport Tech Lab  
  144  13:25  Marine x2  
  144  13:26  Marine  
  137  13:28  Marine  
  137  13:32  Marine  
  139  13:37  Marine x2  
  139  13:38  SCV  
  142  13:42  Marine  
  142  13:43  Marine x2, Raven x2  
  142  13:45  Corvid Reactor  
  149  13:58  Marine  
  149  14:01  Command Center, Marine  
  149  14:02  Marine  
  152  14:04  Marine  
  152  14:05  Marine x2  
  152  14:07  Marine x2  
  152  14:08  Marine, SCV  
  159  14:16  Marine  
  160  14:20  Marine x2  
  160  14:23  Siege Tank  
  165  14:25  SCV  
  165  14:26  Marine x2  
  165  14:27  Raven x2  
  165  14:28  Viking x2  
  165  14:29  Marine  
  177  14:31  Marine  
  177  14:33  SCV  
  177  14:35  Marine  
  177  14:36  Marine  
  177  14:38  Marine x3  
  182  14:44  Marine x2  
  177  14:48  Marine  
  177  14:49  Marine  
  177  14:50  Siege Tank  
  173  14:53  SCV  
  173  14:54  SCV x2  
  173  14:55  Refinery  
  173  14:56  Marine x2  
  173  14:57  Marine x2  
  180  15:00  Marine  
  180  15:02  Marine  
  180  15:04  Marine  
  180  15:06  Siege Tank, Marine  
  187  15:07  Marine  
  188  15:14  Marine  
  188  15:15  Sensor Tower  
  188  15:16  Marine x2  
  193  15:23  Marine x2  
  193  15:24  Marine  
Tags
 
Add a new tag
Caveats
  • Supply blocks, unpowered buildings, or Contaminate may cause inaccurate times.
  • Supply counts are checked every 10 seconds.